 Dungeon Crawl Stone Soup version 0.18.1-48-g4cf74bf (webtiles) character file.

221 Alarkh the Sneak (level 5, -4/35 HPs)
             Began as a Vampire Enchanter on July 17, 2016.
             Was an Initiate of Okawaru.
             Slain by a gnoll
             ... wielding a +0 spear
              (7 damage)
             ... on level 4 of the Dungeon.
             The game lasted 00:04:42 (2663 turns).

Alarkh the Sneak (Vampire Enchanter)                Turns: 2663, Time: 00:04:42

Health: -4/35      AC:  4    Str:  3    XL:     5   Next: 65%
Magic:  1/9        EV: 12    Int: 19    God:    Okawaru [......]
Gold:   120        SH:  0    Dex: 14    Spells: 4 memorised, 1 level left

rFire  . . .     SeeInvis +     a - +1 dagger
rCold  + . .     Gourm    .     b - +1 robe
rNeg   + + .     Faith    .     (no shield)
rPois  +         Spirit   .     (no helmet)
rElec  .         Dismiss  .     (no cloak)
rCorr  .         Reflect  .     (no gloves)
SustAt .         Harm     .     m - +0 pair of boots
MR     .....                    (no amulet)
Stlth  ++++......               s - ring of wizardry
                                q - -4 ring of strength (curse)

@: regenerating slowly, not resistant to hostile enchantments, stealthy
A: fangs 3, see invisible, unbreathing
a: Bat Form, Renounce Religion


You were on level 4 of the Dungeon.
You worshipped Okawaru.
Okawaru was noncommittal.
You were thirsty.

You visited 1 branch of the dungeon, and saw 4 of its levels.

You collected 120 gold pieces.

Inventory:

Hand Weapons
 a - a +1 dagger (weapon)
Armour
 b - a +1 robe (worn)
 m - a +0 pair of boots (worn)
Jewellery
 q - a cursed -4 ring of strength (left hand)
 s - a ring of wizardry (right hand)
Scrolls
 g - a scroll of enchant armour {unknown}
 j - a scroll of immolation {unknown}
 n - a scroll of enchant weapon {unknown}
 o - a scroll of amnesia {unknown}
 u - a scroll of identify {unknown}
 v - a scroll of teleportation {unknown}
Potions
 d - 10 potions of blood
 e - a potion of might {unknown}
 f - 4 potions of brilliance {unknown}
 h - a potion of invisibility {unknown}
 i - a potion of agility {unknown}
 k - a potion of heal wounds {unknown}
 l - 4 potions of curing {unknown}
 p - a potion of magic {unknown}
 r - a potion of degeneration {unknown}
 t - a potion of haste {unknown}
Books
 c - a book of Maledictions

   Spells                             Type                      Level
   a - Corona                         Hexes                        1
   b - Ensorcelled Hibernation        Hexes/Ice                    2
   c - Confuse                        Hexes                        3
   d - Tukima's Dance                 Hexes                        3
   e - Dazzling Spray                 Conjuration/Hexes            3


   Skills:
 * Level 4.0 Short Blades
 - Level 2.1 Dodging
 + Level 6.2 Stealth
 + Level 3.0 Spellcasting
 + Level 5.3 Hexes


You had one spell level left.
You knew the following spells:

 Your Spells              Type           Power        Failure   Level  Hunger
a - Ensorcelled Hibernat  Hex/Ice        ##....       4%          2    ##.....
b - Corona                Hex            ###....      1%          1    None
c - Dazzling Spray        Conj/Hex       ##....       7%          3    ###....
d - Confuse               Hex            ###.....     2%          3    ###....


Dungeon Overview and Level Annotations

Branches:
Dungeon (4/15)
 Temple: D:4-7

Altars:
Cheibriados
Elyvilon
Kikubaaqudgha
Okawaru
Sif Muna


Innate Abilities, Weirdness & Mutations

You heal slowly.
You have razor-sharp teeth.
You have supernaturally acute eyesight.
You can survive without breathing.


Message History

Casting: Ensorcelled Hibernation
Confirm with . or Enter, or press ? or * to list all spells.
Aiming: Ensorcelled Hibernation
Press: ? - help, Shift-Dir - straight line, f - gnoll
Aim: a gnoll, wielding a spear (fast, chance to defeat MR: 52%)
The gnoll resists with significant effort.
The gnoll barely misses you. The gnoll hits you with a spear!
* * * LOW HITPOINT WARNING * * *
The gnoll hits you but does no damage. The gnoll barely misses you.
Things that are here:
a whip; a leather armour; a gnoll corpse The gnoll hits you from afar with a spear.
* * * LOW HITPOINT WARNING * * *
The gnoll closely misses you.
Read which item? (? for menu, Esc to quit)
Okay, then.
The gnoll hits you from afar with a spear!
You die...

#......g..#
#..:.g##..#
#...g.##..#
#...gg##..########
#.....##...gg....#
#.....##.#######.#
#.....##.#######.#
#.(...##.#..g..).#
#.....##.#@###########
#.#.###........
#.#............
#.......#########
########.........
#.######## #.# #.#
#.###########


You could see a gnoll.

Vanquished Creatures
  A gnoll shaman (D:4)
  A hound (D:4)
  Terence (D:2)
  5 adders (D:2)
  2 dart slugs
  4 worms
  A giant gecko (D:2)
  4 orcs (D:3)
  6 bats
  5 giant cockroaches
  10 goblins
  8 hobgoblins
  2 jackals (D:1)
  9 kobolds
  2 quokkas
  9 giant newts
  12 rats
82 creatures vanquished.

Vanquished Creatures (others)
  A quokka (D:2)
1 creature vanquished.

Grand Total: 83 creatures vanquished

Notes
Turn   | Place    | Note
--------------------------------------------------------------
     0 | D:1      | Alarkh the Vampire Enchanter began the quest for the Orb.
     0 | D:1      | Reached XP level 1. HP: 13/13 MP: 3/3
   451 | D:1      | Reached XP level 2. HP: 18/19 MP: 5/5
   508 | D:1      | Learned a level 2 spell: Ensorcelled Hibernation
  1049 | D:2      | Reached XP level 3. HP: 24/24 MP: 1/6
  1056 | D:2      | Reached skill level 5 in Stealth
  1221 | D:2      | Found a white marble altar of Elyvilon.
  1345 | D:2      | Found a deep blue altar of Sif Muna.
  1385 | D:2      | Found a snail-covered altar of Cheibriados.
  1405 | D:2      | Reached XP level 4. HP: 30/30 MP: 7/7
  1478 | D:2      | Noticed Terence
  1480 | D:2      | Killed Terence
  1480 | D:2      | Reached skill level 5 in Hexes
  1964 | D:2      | Reached XP level 5. HP: 29/35 MP: 3/9
  2012 | D:3      | Found an iron altar of Okawaru.
  2027 | D:3      | Became a worshipper of Warmaster Okawaru
  2036 | D:3      | Found an ancient bone altar of Kikubaaqudgha.
  2440 | D:3      | Learned a level 3 spell: Dazzling Spray
  2444 | D:3      | Learned a level 3 spell: Confuse
  2527 | D:4      | Noticed a slave
  2529 | D:4      | Noticed a slave
  2597 | D:4      | Reached skill level 6 in Stealth
  2663 | D:4      | Slain by a gnoll

Skill      XL: |  1  2  3  4  5 |
---------------+----------------+-----
Short Blades   | 2 3 4 |  4.0
Stealth        | 5 6 |  6.2
Hexes          | 5 |  5.3
Spellcasting   | 3 |  3.0
Dodging        | |  2.1

Action                   |  1- 3 |  4- 6 || total
-------------------------+-------+-------++-------
Melee: Dagger            |   113 |   164 ||   277
       Bite              |     5 |    11 ||    16
 Cast: Corona            |     5 |       ||     5
       Ensorcelled Hiber |    12 |    33 ||    45
  Use: Potion            |       |     1 ||     1
 Stab: Sleeping          |    14 |    25 ||    39
       Distracted        |     1 |       ||     1
Armor: Robe              |    26 |    61 ||    87
Dodge: Dodged            |    75 |   153 ||   228
